 Dungeon Crawl Stone Soup version 0.25-a0-420-g1cc7eeb0d1 (webtiles) character file.

Game seed: 17506874569190947511, levelgen mode: deterministic

23 Esekla the Gusty (level 3, -3/24 HPs)
             Began as a Human Air Elementalist on Jan 20, 2020.
             Slain by a gnoll
             ... wielding a +0 whip
              (7 damage)
             ... on level 4 of the Dungeon.
             The game lasted 00:06:17 (844 turns).

Esekla the Gusty (Human Air Elementalist)            Turns: 844, Time: 00:06:17

Health: -3/24      AC:  2    Str: 10    XL:     3   Next: 10%
Magic:  6/6        EV: 12    Int: 16    God:
Gold:   17         SH:  0    Dex: 13    Spells: 3/6 levels left

rFire    . . .     SeeInvis .   g - +0 dagger (venom)
rCold    . . .     Gourm    .   (no shield)
rNeg     . . .     Faith    .   a - +0 robe
rPois    .         Spirit   .   (no helmet)
rElec    .         Reflect  .   (no cloak)
rCorr    .         Harm     .   (no gloves)
MR       .....                  (no boots)
Stlth    ++........             (no amulet)
HPRegen  0.08/turn              f - +2 ring of strength
MPRegen  0.10/turn              (no ring)

@: very slightly contaminated
A: no striking features
a: no special abilities


You were on level 4 of the Dungeon.
You were not hungry.

You visited 1 branch of the dungeon, and saw 4 of its levels.

You collected 17 gold pieces.

Inventory:

Hand Weapons
 g - a +0 dagger of venom (weapon)
Armour
 a - a +0 robe (worn)
Jewellery
 f - a +2 ring of strength (left hand)
Scrolls
 d - a scroll of identify {unknown}
 e - a scroll of remove curse {unknown}
Potions
 b - a potion of might {unknown}
Comestibles
 c - a ration


   Skills:
 * Level 2.2 Dodging
 - Level 2.0 Stealth
 * Level 2.4 Spellcasting
 * Level 1.3 Conjurations
 + Level 3.4 Air Magic


You had 3 spell levels left.
You knew the following spells:

 Your Spells              Type           Power        Failure   Level  Hunger
a - Shock                 Conj/Air       #...         8%          1    #......
b - Swiftness             Chrm/Air       #.......     16%         2    ###....

Your spell library contained the following spells:

 Spells                   Type           Power        Failure   Level  Hunger
 Static Discharge         Conj/Air       #.......     22%         3    ###....
 Airstrike                Air            ##........   43%         4    #####..
 Lightning Bolt           Conj/Air       #.........   91%         5    ######.


Dungeon Overview and Level Annotations

Branches:
Dungeon (4/15)
 Temple: D:4-7

Altars:
Vehumet


Message History

The orc hits you but does no damage.
You climb upwards. 2 jackals and a gnoll come into view.
The jackal barks!
The gnoll shouts!
The jackal closely misses you. The jackal bites you.
The gnoll barely misses you. The jackal closely misses you.
The jackal bites you. The gnoll closely misses you.
Found 12 gold pieces.
There is a stone staircase leading down here.
Magic restored.
The jackal bites you. The jackal misses you. The orc closely misses you.
The gnoll hits you with a +0 whip!
* * * LOW HITPOINT WARNING * * *
You climb downwards.
You hear the sound of rushing water.
There is an entrance to a sewer on this level.
Hurry and find it before the portal rusts away!
There is a stone staircase leading up here.
The jackal bites you.
* * * LOW HITPOINT WARNING * * *
The gnoll hits you with a +0 whip!
You die...

#.# #.# #.#
..######.## ####
..........# #...
..######..#
#.##.#.# ##<#
###.##.#.## #.#
##hg@# ....# #.#
#..h## #..# #.#
#.###o####..## #.#
..
#........#####.###
#
#.###(...........#
..##
#.....####.#.# #.#
#.....# #.#.# #.
##....# #.#.# #
#.#..# #.#.#


You could see a gnoll and 2 jackals.

Vanquished Creatures
  A worm (D:2)
  3 leopard geckos
  An orc (D:3)
  A bat (D:2)
  A giant cockroach (D:1)
  2 goblins
  3 hobgoblins (D:2)
  2 rats (D:1)
14 creatures vanquished.

Notes
Turn   | Place    | Note
-------+----------+-------------------------------------------
     0 | D:1      | Esekla the Human Air Elementalist began the quest for the
                  | Orb.
     0 | D:1      | Reached XP level 1. HP: 13/13 MP: 3/3
   244 | D:1      | Reached XP level 2. HP: 19/19 MP: 0/5
   593 | D:3      | Found a radiant altar of Vehumet.
   749 | D:3      | Reached XP level 3. HP: 24/24 MP: 3/6
   807 | D:3      | Learned a level 2 spell: Swiftness
   844 | D:4      | Slain by a gnoll

Levels and vault maps discovered:
D:1:      dpeg_arrival_prison, layout_loops_corners
D:2:      layout_loops_corners, nicolae_overflow_crystal_walls,
          kennysheep_slug_shrine, nemelex_xobeh_ov_fountains_minmay
D:3:      lemuel_castle_with_subvaults [lemuel_castle_interior_carwin_2],
          layout_basic, lemuel_crystal_altar, chequers_ecumenical_altar_simple
D:4:      layout_loops_ring, overflow_temple_1_default,
          cheibrodos_sewer_entry_drain, first_ration

Action                   || total
-------------------------++-------
Melee: Unarmed           ||     1
 Cast: Shock             ||    28
Armor: Robe              ||     3
Dodge: Dodged            ||    15

Table legend:
 A = Non-vault XP
 B = Vault XP
 C = Vault XP percentage of total XP
 D = Non-vault monster count
 E = Vault monster count
 F = Vault count percentage of total count
                 A         B        C        D         E       F
            +---------+---------+-------+---------+---------+-------
      Total |      29 |       4 |  12.1 |      11 |       3 |  21.4
            +---------+---------+-------+---------+---------+-------
        D:1 |       6 |       4 |  40.0 |       2 |       3 |  60.0
        D:2 |      15 |       0 |   0.0 |       6 |       0 |   0.0
        D:3 |       8 |       0 |   0.0 |       3 |       0 |   0.0
            +---------+---------+-------+---------+---------+-------
